 Dungeon Crawl Stone Soup version 0.17.0-56-gd8de76c (webtiles) character file.

2746 GeneralIdiocy the Transmogrifier (level 9, -5/53 HPs)
             Began as an Octopode Transmuter on Dec 4, 2015.
             Killed from afar by Erica (24 damage)
             ... with an orb of energy
             ... on level 8 of the Dungeon.
             The game lasted 00:13:37 (7065 turns).

GeneralIdiocy the Transmogrifier (OpTm)             Turns: 7065, Time: 00:13:37

Health: -5/53      AC:  3    Str:  9    XL:     9   Next: 68%
Magic:  10/12      EV: 20    Int: 18    God:
Gold:   409        SH:  0    Dex: 18    Spells: 3 memorised, 4 levels left

rFire  . . .     SeeInvis .       - Unarmed
rCold  + . .     Clarity  .     (shield currently unavailable)
rNeg   . . .     SustAt   .     (helmet currently unavailable)
rPois  x         Gourm    .     t - amulet of Wulysch {rMut rC+}
rElec  .         Spirit   .     j - +1 ring of protection
rCorr  .         Warding  .     (no ring)
rMut   +         Stasis   .     (no ring)
MR     .....                    (no ring)
Stlth  +++.......               (no ring)
                                (no ring)
                                (no ring)
                                (no ring)

@: spider-form, slowed, very slow, not resistant to hostile enchantments, fairly
stealthy
A: almost no armour, amphibious, 8 rings, (constrict 8), (camouflage 0),
(gelatinous body 0)
a: End Transformation


You were on level 8 of the Dungeon.
You were hungry.
You were a venomous arachnid creature.
You visited 1 branch of the dungeon, and saw 8 of its levels.
You also visited: Sewer.

You collected 409 gold pieces.

Inventory:

Missiles
 a - 4 poisoned tomahawks (quivered)
 r - 36 arrows
Jewellery
 j - a +1 ring of protection (left front leg)
 n - an uncursed amulet of guardian spirit
 t - the amulet of Wulysch (around neck) {rMut rC+}
   (You found it on level 6 of the Dungeon)

   [amulet of resist mutation]

   It protects you from mutation.
   It protects you from cold.
Wands
 e - a wand of enslavement (17)
Scrolls
 l - a scroll of fog
 m - a scroll of blinking
 o - 3 scrolls of fear
 s - 2 scrolls of magic mapping
 w - 2 scrolls of identify
Potions
 d - a potion of resistance
 f - 3 potions of curing
 g - a potion of degeneration {unknown}
 i - 2 potions of flight
 k - 3 potions of poison
 q - 2 potions of berserk rage
 u - a potion of cure mutation {unknown}
 x - a potion of agility {unknown}
Books
 b - a book of Changes

   Spells                             Type                      Level
   a - Beastly Appendage              Transmutation                1
   b - Sticks to Snakes               Transmutation                2
   c - Spider Form                    Transmutation/Poison         3
   d - Ice Form                       Ice/Transmutation            4
   e - Blade Hands                    Transmutation                5
Comestibles
 c - 4 bread rations
 h - 2 meat rations
 p - 2 beef jerkies


   Skills:
 - Level 1.0 Fighting
 - Level 2.0 Dodging
 * Level 3.5 Stealth
 + Level 7.7 Unarmed Combat
 - Level 2.0 Spellcasting
 * Level 8.0 Transmutations
 - Level 6.0 Ice Magic
 - Level 4.2 Poison Magic


You had 4 spell levels left.
You knew the following spells:

 Your Spells              Type           Power        Failure   Level  Hunger
a - Beastly Appendage     Trmt           ####..       4%          1    #......
b - Spider Form           Trmt/Pois      ###.......   14%         3    ###....
c - Ice Form              Ice/Trmt       ####....     28%         4    #####..


Dungeon Overview and Level Annotations

Branches:
Dungeon (8/15)
 Temple: D:4-7         Lair: D:8-11

Altars:
Nemelex Xobeh
Trog

Shops:
D:5 :

Annotations:
D:4 A1phaKn1ght's ghost, novice HaAs
D:7 ces's ghost, novice DsBe
D:8 Erica


Innate Abilities, Weirdness & Mutations

You cannot wear most types of armour.
You are amphibious.
You can wear up to eight rings at the same time.
((You can use your tentacles to constrict eight enemies at once.))
((Your skin changes colour to match your surroundings (Stealth).))
((Your rubbery body absorbs attacks (AC +1).))


Message History

You resist with significant effort.
Found 15 gold pieces.
You hit Erica but do no damage.
Erica is poisoned.
Erica hits you with a scimitar of flaming!
Erica burns you.
You bite Erica!
Erica looks even sicker.
Erica is lightly wounded.
You hit Erica.
Erica is moderately wounded.
Erica points at you and mumbles some strange words.
You feel yourself slow down. Erica casts a spell at you.
The orb of energy hits you!
Erica casts a spell.
Erica flickers and vanishes!
Deactivating autopickup; reactivate with Ctrl-A.
You hear some strange, mumbled words.
An orb of energy appears from out of thin air!
The orb of energy hits you!
You die...

........# ........######
#...................+
#.#...##.# #.# #.#...##.# #.#
#.#...##.#####.#####
#.#...##.##........#
#.#...##.##...####.# .
#.#...##.##s..# .#
#>'...'...'[..+ .#.
#.#...##.##...# .#.#
#.#...##.###### ## .#.#.
#.#...##.# #.#.#.#.#
##.######.# ##.#.#.#.
#(......#.###########.#.#.#.#
#.......#....[.......#.#.#.#.
#.......#........####.#.#.#.#


There were no monsters in sight!

Vanquished Creatures
  Maurice (D:8)
  Grinder (D:4)
  Purgy (Sewer)
  5 phantoms
  2 sky beasts
  3 ogres
  A black bear (D:6)
  An ice beast (D:6)
  A necrophage (D:6)
  A centaur (D:5)
  Blork the orc (D:4)
  A giant frog (D:6)
  A scorpion (D:5)
  6 crimson imps
  A giant frog skeleton (D:8)
  3 jellies
  Terence (D:2)
  2 worker ants
  Natasha (twice) (D:2)
  8 gnolls
  8 adders
  2 river rats (D:6)
  3 shadow imps
  An ooze (D:3)
  An adder skeleton (D:4)
  An adder zombie (D:5)
  3 worms
  7 giant geckos
  3 orcs
  2 ball pythons
  7 giant cockroaches
  4 goblins
  7 hobgoblins
  12 kobolds
  3 quokkas
  12 bats
  A giant cockroach zombie (D:5)
  A giant gecko skeleton (D:6)
  A giant gecko zombie (D:6)
  3 giant newts
  13 jackals
  A jackal zombie (D:5)
  11 rats
150 creatures vanquished.

Notes
Turn   | Place    | Note
--------------------------------------------------------------
     0 | D:1      | GeneralIdiocy the Octopode Transmuter began the quest for the Orb.
     0 | D:1      | Reached XP level 1. HP: 13/13 MP: 3/3
   291 | D:1      | Reached XP level 2. HP: 18/18 MP: 5/5
  1041 | D:2      | Reached skill level 4 in Unarmed Combat
  1202 | D:2      | Reached XP level 3. HP: 21/23 MP: 6/6
  1477 | D:2      | Noticed Terence
  1486 | D:2      | Killed Terence
  1486 | D:2      | Reached XP level 4. HP: 17/28 MP: 5/7
  1663 | D:2      | Noticed Natasha
  1674 | D:2      | Killed Natasha
  1674 | D:2      | Reached skill level 5 in Unarmed Combat
  1886 | D:2      | Noticed Natasha
  1892 | D:2      | Killed Natasha
  2283 | D:3      | Learned a level 3 spell: Spider Form
  2381 | D:3      | Reached XP level 5. HP: 23/33 MP: 3/8
  2565 | D:3      | Reached skill level 1 in Poison Magic
  3024 | D:3      | Learned a level 4 spell: Ice Form
  3214 | D:4      | Noticed a phantom
  3246 | D:4      | HP: 1/33 [phantom (7)]
  3251 | D:4      | Killed a phantom
  3251 | D:4      | Reached XP level 6. HP: 17/38 MP: 0/9
  3421 | D:4      | Noticed Grinder
  3439 | D:4      | Killed Grinder
  3439 | D:4      | Reached XP level 7. HP: 20/43 MP: 1/10
  3636 | D:4      | Noticed an ogre
  3648 | D:4      | Killed an ogre
  3648 | D:4      | Reached skill level 6 in Unarmed Combat
  3648 | D:4      | Reached skill level 1 in Ice Magic
  3706 | D:4      | Noticed an ogre
  3714 | D:4      | Killed an ogre
  3771 | D:4      | Noticed Blork the orc
  3783 | D:4      | Killed Blork the orc
  3921 | D:4      | Noticed A1phaKn1ght's ghost (novice HaAs)
  3966 | D:5      | Entered Level 5 of the Dungeon
  3966 | D:5      | HP: 2/43 [poisoned by A1phaKn1ght's ghost]
  4311 | D:5      | Reached skill level 5 in Transmutations
  4311 | D:5      | Reached XP level 8. HP: 44/48 MP: 4/11
  4643 | D:5      | Found Ygezxer's Book Shoppe.
  5538 | D:6      | Reached skill level 7 in Unarmed Combat
  5701 | D:6      | Reached skill level 5 in Ice Magic
  5701 | D:6      | Reached XP level 9. HP: 48/53 MP: 0/12
  5815 | D:6      | Found a sparkling altar of Nemelex Xobeh.
  5876 | D:6      | Found a glowing drain.
  5886 | Sewer    | Entered a sewer
  5924 | Sewer    | Noticed Purgy
  5940 | Sewer    | Killed Purgy
  6041 | D:6      | Found a bloodstained altar of Trog.
  6284 | D:6      | Got a scintillating platinum amulet
  6318 | D:6      | Identified the amulet of Wulysch {rMut rC+} (You found it on level 6 of the Dungeon)
  6634 | D:7      | Noticed ces's ghost (novice DsBe)
  6705 | D:8      | Noticed Maurice
  6720 | D:8      | Killed Maurice
  6976 | D:8      | Reached skill level 8 in Transmutations
  7054 | D:8      | Noticed Erica
  7065 | D:8      | Killed from afar by Erica

Action                   |  1- 3 |  4- 6 |  7- 9 || total
-------------------------+-------+-------+-------++-------
Melee: Unarmed           |    72 |   117 |   294 ||   483
Throw: Tomahawk          |       |     3 |       ||     3
 Cast: Beastly Appendage |     3 |     2 |       ||     5
       Spider Form       |       |     7 |    19 ||    26
       Ice Form          |       |       |    12 ||    12
  Use: Scroll            |       |     5 |    10 ||    15
       Potion            |       |     2 |     2 ||     4
 Stab: Sleeping          |     5 |     4 |    12 ||    21
  Eat: Chunk             |     1 |     3 |    11 ||    15
       Fruit             |       |     3 |       ||     3
       Meat ration       |       |     1 |     1 ||     2
